 Dungeon Crawl Stone Soup version 0.27.1-2-g3b301248ec (webtiles) character file.

Game seed: 9074513220344549579

122878 ABBCCCDDDD the Fighter (level 16, -3/152 HPs)
             Began as an Octopode Abyssal Knight on Sept 27, 2021.
             Was the Champion of Lugonu.
             Shot with an arrow by a deep elf archer (9 damage)
             ... on level 2 of the Elven Halls.
             The game lasted 01:53:37 (54218 turns).

ABBCCCDDDD the Fighter (Octopode Abyssal Knight)   Turns: 54218, Time: 01:53:38

Health: -3/152     AC: 27    Str: 17    XL:     16   Next: 88%
Magic:  22/28      EV: 16    Int: 27    God:    Lugonu [******]
Gold:   668        SH: 10    Dex:  8    Spells: 21/31 levels left

rFire    . . .     SeeInvis .     - Unarmed
rCold    + . .     Faith    .   K - +0 buckler
rNeg     + + +     Spirit   .   (helmet restricted)
rPois    ∞         Reflect  +   y - amulet of reflection
rElec    +         Harm     .   p - ring of protection from fire
rCorr    +         Rampage  .   A - ring of ice
Will     +++..                  H - +6 ring of strength
Stlth    +++++.....             k - ring of flight
HPRegen  0.35/turn              R - ring of willpower
MPRegen  0.21/turn              S - ring of resist corrosion
                                T - ring "Sag Gac" {rPois rN++ Will+ Int+6 Dex-4}
                                V - +4 ring of evasion

@: about to teleport, statue-form, flying, studying 2 skills, very slow
A: slow and powerful, torment resistance 1, boosted hp, almost no armour,
amphibious, 8 rings, camouflage 1, (gelatinous body 1), (nimble swimmer 1),
tentacles
a: End Transformation, Renounce Religion, Depart the Abyss, Bend Space, Banish,
Corrupt, Enter the Abyss, Brand Weapon With Distortion


You were on level 2 of the Elven Halls.
You worshipped Lugonu.
Lugonu was exalted by your worship.
You were a living statue of rough stone.
You visited 4 branches of the dungeon, and saw 26 of its levels.
You visited the Abyss 1 time.
You also visited: Bailey.

You collected 2196 gold pieces.
You spent 1528 gold pieces at shops.

Inventory:

Hand Weapons
 e - a +3 dagger
 h - a +0 mace of protection
 w - a +4 dire flail
Missiles
 s - 61 boomerangs
 v - 2 silver javelins
 x - a curare-tipped dart
 D - 9 poisoned darts (quivered)
Armour
 I - a +0 kite shield
 K - a +0 buckler (worn)
Jewellery
 k - a ring of flight (on tentacle)
 p - a ring of protection from fire (left tentacle)
 y - an amulet of reflection (around mantle)
 A - a ring of ice (right tentacle)
 H - a +6 ring of strength (on tentacle)
 Q - a ring of fire
 R - a ring of willpower (on tentacle)
 S - a ring of resist corrosion (on tentacle)
 T - the ring "Sag Gac" (on tentacle) {rPois rN++ Will+ Int+6 Dex-4}
   (You bought it in a shop on level 2 of the Orcish Mines)

   [ring of intelligence]

   Int:       It affects your intelligence (+6).
   Dex:       It affects your dexterity (-4).
   rPois:     It protects you from poison.
   rN:        It greatly protects you from negative energy.
   Will:      It increases your willpower.
 U - a ring of ice
 V - a +4 ring of evasion (on tentacle)
 X - a ring of see invisible
Wands
 f - a wand of iceblast (3)
 g - a wand of paralysis (8)
 l - a wand of charming (11)
 t - a wand of flame (11)
 J - a wand of polymorph (12)
Scrolls
 d - 4 scrolls of amnesia
 i - 4 scrolls of enchant weapon
 m - 3 scrolls of enchant armour
 o - 4 scrolls of vulnerability
 r - 2 scrolls of torment
 C - 2 scrolls of fog
 G - a scroll of silence
 N - a scroll of magic mapping
Potions
 a - 3 potions of ambrosia
 b - 3 potions of brilliance
 c - 6 potions of might
 j - 3 potions of flight
 n - 3 potions of lignification
 q - 2 potions of attraction
 z - a potion of berserk rage
 B - 5 potions of cancellation
 E - 2 potions of invisibility
 F - 2 potions of mutation
 L - 3 potions of curing
 M - 2 potions of magic
 O - 2 potions of haste
Miscellaneous
 W - a lightning rod (4/4)


   Skills:
 + Level 13.3 Fighting
 - Level 3.3 Long Blades
 - Level 7.2 Maces & Flails
 - Level 6.6 Throwing
 - Level 3.8 Dodging
 - Level 10.0 Stealth
 + Level 7.6 Shields
 + Level 13.1 Unarmed Combat
 - Level 8.0 Spellcasting
 - Level 11.0 Transmutations
 - Level 11.0 Earth Magic
 - Level 2.0 Invocations
 - Level 8.0 Evocations


You had 21 spell levels left.
You knew the following spells:

 Your Spells              Type           Power      Damage    Failure   Level
a - Cause Fear            Hex            5%         N/A       45%         4
b - Statue Form           Tmut/Erth      42%        N/A       9%          6

Your spell library contained the following spells:

 Spells                   Type           Power      Damage    Failure   Level
 Sting                    Tmut/Pois      100%       1d8       1%          1
 Spider Form              Tmut/Pois      20%        N/A       1%          3
 Blade Hands              Tmut           31%        N/A       1%          5
 Ensorcelled Hibernation  Hex/Ice        32%        N/A       8%          2
 Poisonous Vapours        Pois/Air       20%        N/A       8%          2
 Static Discharge         Conj/Air       10%        N/A       8%          2
 Inner Flame              Hex/Fire       10%        N/A       16%         3
 Olgreb's Toxic Radiance  Pois           10%        N/A       45%         4
 Fireball                 Conj/Fire      5%         3d5       82%         5
 Lightning Bolt           Conj/Air       5%         1d17      82%         5
 Shadow Creatures         Summ           N/A        N/A       100%        6
 Starburst                Conj/Fire      5%         6d4       100%        6
 Summon Hydra             Summ           5%         N/A       100%        7
 Discord                  Hex            5%         N/A       100%        8
 Ignition                 Fire           5%         3d4       100%        8
 Maxwell's Capacitive Co  Air            5%         ∞         100%        8


Dungeon Overview and Level Annotations

Branches:
Dungeon (15/15)            Temple (0/1) D:7            Lair (6/6) D:11
 Shoals (0/4) Lair:3        Snake (0/4) Lair:3        Slime (0/5) Lair:5
    Orc (2/2) D:11            Elf (3/3) Orc:2        Depths (0/5) D:15
 Bailey (visited)
 Vaults: D:13-14

Altars:
Trog
Vehumet
Wu Jian
Lugonu

Shops:
D:2 :   D:9 *   D:15 [   Orc:1 (   Orc:2 =(::

Portals:
Abyss: Lair:6

Annotations:
D:9 Erica
D:10 exclusion: downstairs
D:11 exclusion: cyclops
D:13 exclusions: death knight and wraith, Erolcha
D:14 exclusion: tengu conjurer, Frances
Lair:2 exclusion: 2 downstairs
Lair:3 exclusion: downstairs
Lair:4 exclusions: downstairs and 3 oklob plants
Elf:1 2 transporters, ABBCCCDDDD's ghost, adept OpNe


Innate Abilities, Weirdness & Mutations

You are a living statue of rough stone.
Your actions are slow, but your melee attacks are powerful.
You are resistant to unholy torment.
Your maximum health is greatly increased.
You are immune to poison.
You cannot wear most types of armour.
You are amphibious.
You can wear up to eight rings at the same time.
Your skin changes colour to match your surroundings (Stealth+).
((Your rubbery body absorbs attacks. (AC +1, EV +1)))
((You are camouflaged near water. (Stealth+)))
You have tentacles for arms and can constrict up to eight enemies at once.


Message History

The deep elf annihilator points at you and mumbles some strange words.
The poison arrow misses your +0 vampiric battleaxe.
The poison arrow misses you.
As you read the scroll of teleportation, it crumbles to dust.
You feel strangely unstable.
Your air elemental closely misses the deep elf archer.
Your +0 vampiric battleaxe completely misses the deep elf archer.
Your +0 vampiric battleaxe hits the +2 trident of freezing.
The deep elf archer shoots an arrow.
The arrow hits your +0 vampiric battleaxe!
Your air elemental misses the deep elf archer.
The deep elf annihilator points at you and mumbles some strange words.
The poison arrow hits your +0 vampiric battleaxe!
Your +0 vampiric battleaxe partially resists.
The deep elf archer shoots an arrow.
You reflect the arrow off an invisible shield around you!
The arrow hits the deep elf archer!!
The +2 trident of freezing hits you from afar.
* * * LOW HITPOINT WARNING * * *
The +2 trident of freezing freezes you.
* * * LOW HITPOINT WARNING * * *
You feel better.
Your air elemental closely misses the deep elf archer.
Your air elemental hits the deep elf archer!
You block the +2 trident of freezing's attack.
Your air elemental hits the deep elf archer.
The deep elf archer shoots an arrow.
You reflect the arrow off an invisible shield around you!
The arrow hits the deep elf archer!
The deep elf annihilator points at you and mumbles some strange words.
The crystal spear hits your +0 vampiric battleaxe!!!
Your +0 vampiric battleaxe turns to gold and falls from the air.
The deep elf archer shoots an arrow.
The arrow hits you!
* * * LOW HITPOINT WARNING * * *
Your earth elemental completely misses the +2 trident of freezing.
You block the +2 trident of freezing's attack.
Your air elemental fires a burst of electricity at the deep elf archer.
The stunning burst misses the deep elf archer.
The deep elf archer shoots an arrow.
The arrow hits you!
You die...

# #.....+..........# #e#
# #+#####[.........# #e#
# ...# #..........# #.# #
....# #..........# ##.# #
.....##..........#####..#
......#..........'.....(#
........^..e.e.>.#####..#
.......E......e..# #..#
...#e..8.(....# #..#
#....E.....#####''##
######+###.........##
#..........# #.
+........... '.
+........... '
#....).....# ##.>......##
##...)..##


You could see a deep elf annihilator, 2 deep elf archers, a +2 trident of
freezing, a friendly earth elemental (summoned), a friendly deep elf
zephyrmancer (summoned) and a friendly air elemental (summoned).

Levels and vault maps discovered:
D:1:      heliophobic_arrival_glass_houses, layout_loops_ring
D:2:      layout_loops_cross, serial_shops, nicolae_shop_waterfront
D:3:      layout_loops_ring, serial_rivers, chequers_serial_rivers_micro_e,
          chequers_serial_rivers_micro_b, chequers_serial_rivers_small_a,
          chequers_serial_rivers_micro_a, chequers_serial_rivers_micro_d
D:4:      layout_basic, hangedman_abyss_or_decor_slice, skrybe_limestone_x,
          hex_tiny, uniq_edmund, uniq_duvessa
D:5:      kennysheep_windowed_halls, layout_loops_ring, minmay_manual_mares
D:6:      minmay_inner_zag, layout_basic, minmay_misc_feat_columns,
          chequers_jeans, uniq_blork_the_orc
D:7:      layout_rooms, temple_doors_e
D:8:      layout_gridville, pdpol_wu_jian_five_deadly_venoms, enter_bailey_8
D:9:      layout_basic, serial_shops, nicolae_shop_overgrown_old_shop,
          kennysheep_another_room, kennysheep_small_spiral, dk_noncrumbling_4,
          grunt_decor_clamped, uniq_erica
D:10:     layout_stronghold, hangedman_weighted_door, evilmike_butchery
D:11:     layout_roguey, david_lair_generic, zombieorc2_lemuel, serial_aquarium,
          aquarium_bridge_island_small [aquarium_subvault_small_water,
          aquarium_subvault_bridge, aquarium_subvault_wall,
          aquarium_subvault_wall, aquarium_subvault_bridge], aquarium_window_1,
          aquarium_window_corner, aquarium_window_1, aquarium_view_2b,
          aquarium_balcony_double_3
D:12:     layout_gridville, st_stairs_10, nicolae_vehumet_altar_sigil
D:13:     layout_roguey, grunt_vaults_entry_tiered, uniq_erolcha,
          uniq_josephine, uniq_maurice
D:14:     layout_rooms, chequers_hall_statues_y, enter_trove_5, uniq_frances
D:15:     grunt_enter_depths_hoard, layout_cave_pools, serial_shops,
          nicolae_diamond_shop, xom_redecorated
Lair:1:   layout_cave_pods, basic_altar, grunt_megastairs_5
Lair:2:   layout_cellular_growth, gauntlet_entry_generic, uniq_harold
Lair:3:   layout_gridlike, elwin_shoals_entry_rooms,
          minmay_snake_entry_guardpost_large, minivault_26, worms_lemuel,
          uniq_fannar
Lair:4:   hangedman_what_comes_after_a, layout_long_grid,
          chequers_serial_rivers_micro_e, cheibrodos_lair_lostbears, uniq_nessos
Lair:5:   wad_woods_tower, layout_cave_pods, minmay_slime_entry_oklob_open
Lair:6:   hellmonk_lair_end_abyssal_woods, layout_gridlike
Orc:1:    layout_diamond_mine, nicolae_shop_firing_range
Orc:2:    grunt_orc_tribal_feast, layout_diamond_mine
Elf:1:    minmay_elf_arrival_plus, layout_loops_corners,
          gammafunk_ghost_wrathful_warriors,
          hangedman_elven_crosses_minicolossus,
          nicolae_elf_glass_and_crystal_pillar_1, solitary_fountain
Elf:2:    elven_hall_of_blades_hangedman_alternative
          [nicolae_blade_entry_splitting_headache], layout_gridlike
Elf:3:    minmay_elf_hall_not_hex, layout_geoelf_castle,
          kennysheep_underground_church

Notes
Turn   | Place    | Note
-------+----------+-------------------------------------------
     0 | Abyss:1  | ABBCCCDDDD the Octopode Abyssal Knight began the quest for
                  | the Orb.
     0 | Abyss:1  | Reached XP level 1. HP: 16/16 MP: 2/2
    39 | Abyss:1  | Noticed a hellwing
    53 | Abyss:1  | Noticed a small abomination
    54 | Abyss:1  | Noticed a large abomination
    56 | Abyss:1  | Noticed a wretched star
    58 | D:1      | Escaped the Abyss
   106 | D:1      | Reached * piety under Lugonu
   207 | D:1      | Reached XP level 2. HP: 13/21 MP: 3/3
   532 | D:1      | Reached XP level 3. HP: 26/26 MP: 4/4
   923 | D:2      | Reached skill level 1 in Stealth
  1029 | D:2      | Reached XP level 4. HP: 33/33 MP: 5/5
  1413 | D:2      | Found Kuigeug's Book Shoppe.
  1782 | D:3      | Reached ** piety under Lugonu
  2002 | D:3      | Reached XP level 5. HP: 36/37 MP: 6/6
  2703 | D:4      | Noticed a black bear
  2708 | D:4      | Killed a black bear
  2709 | D:4      | Reached skill level 1 in Maces & Flails
  2898 | D:4      | Reached XP level 6. HP: 33/44 MP: 7/7
  3031 | D:4      | Noticed Edmund
  3419 | D:4      | Noticed Duvessa
  3678 | D:4      | Noticed Dowan
  3752 | D:4      | Killed Duvessa
  4009 | D:5      | Entered Level 5 of the Dungeon
  4089 | D:5      | Reached skill level 5 in Fighting
  4089 | D:5      | Reached XP level 7. HP: 36/50 MP: 8/8
  4729 | D:5      | Reached skill level 5 in Stealth
  5419 | D:5      | Reached XP level 8. HP: 27/57 MP: 9/9
  6152 | D:5      | Reached skill level 5 in Maces & Flails
  6994 | D:6      | Noticed Blork the orc
  7159 | D:7      | Found a staircase to the Ecumenical Temple.
  7229 | D:7      | Reached XP level 9. HP: 59/65 MP: 10/10
  8535 | D:7      | Reached *** piety under Lugonu
  8883 | D:7      | Learned a level 4 spell: Cause Fear
  9265 | D:8      | Reached skill level 1 in Spellcasting
  9350 | D:8      | Found a flagged portal.
  9426 | Bailey   | Entered a bailey
  9769 | Bailey   | Noticed an orc knight
  9790 | Bailey   | Noticed an orc knight
  9973 | Bailey   | Reached skill level 1 in Throwing
 10231 | Bailey   | Killed an orc knight
 10286 | Bailey   | Killed an orc knight
 10287 | Bailey   | Reached XP level 10. HP: 43/73 MP: 12/12
 10547 | D:8      | Reached **** piety under Lugonu
 10953 | D:8      | Found an ornate altar of the Wu Jian Council.
 11694 | D:2      | Bought the Guide on the Escort and Moulding for 462 gold
                  | pieces
 11701 | D:2      | Learned a level 6 spell: Statue Form
 12138 | D:5      | Reached skill level 1 in Transmutations
 12138 | D:5      | Reached skill level 1 in Earth Magic
 13097 | D:5      | Noticed a two-headed ogre
 13140 | D:5      | HP: 1/73 [something (26)]
 13789 | D:6      | Killed Blork the orc
 16103 | D:9      | Found Hefuolom's Assorted Antiques.
 16120 | D:9      | Reached skill level 10 in Stealth
 16345 | D:9      | Bought a scroll labelled INESKI XENOECH for 30 gold pieces
 16345 | D:9      | Bought a scroll labelled SEWOYSHR OHYMAY for 30 gold pieces
 16375 | D:9      | Reached XP level 11. HP: 61/78 MP: 16/16
 16747 | D:9      | Noticed Erica
 17015 | D:10     | Entered Level 10 of the Dungeon
 17367 | D:10     | Noticed a two-headed ogre
 17427 | D:10     | Killed a two-headed ogre
 17682 | D:10     | Noticed a two-headed ogre
 17758 | D:10     | Noticed a two-headed ogre
 17826 | D:10     | Killed a two-headed ogre
 18339 | D:10     | Reached skill level 5 in Transmutations
 18373 | D:10     | Reached skill level 5 in Earth Magic
 18535 | D:10     | Killed a two-headed ogre
 18743 | D:11     | Noticed a cyclops
 19494 | D:11     | Found a staircase to the Orcish Mines.
 19826 | D:11     | Found a staircase to the Lair.
 20182 | D:11     | Noticed a death yak
 20644 | Lair:1   | Entered Level 1 of the Lair of Beasts
 20644 | Lair:1   | Noticed an eight-headed hydra
 20648 | Lair:1   | Killed an eight-headed hydra
 20649 | Lair:1   | Reached skill level 5 in Evocations
 21167 | Lair:1   | Noticed a six-headed hydra
 21178 | Lair:1   | Killed a six-headed hydra
 21179 | Lair:1   | Reached skill level 5 in Spellcasting
 21213 | Lair:1   | You fall into a shaft and drop 1 floor!
 21305 | Lair:2   | Reached ***** piety under Lugonu
 21306 | Lair:2   | Reached XP level 12. HP: 51/84 MP: 19/19
 21307 | Lair:2   | Noticed Harold
 21598 | Lair:2   | Noticed a five-headed hydra
 21603 | Lair:2   | Killed a five-headed hydra
 22177 | Lair:1   | Found an ornate altar of the Wu Jian Council.
 25107 | D:5      | Killed a two-headed ogre
 25863 | D:4      | Killed Dowan
 26680 | D:12     | Noticed a two-headed ogre
 26755 | D:11     | Killed a two-headed ogre
 27961 | Lair:2   | Noticed a five-headed hydra
 28007 | Lair:2   | You fall into a shaft and drop 2 floors!
 28007 | Lair:4   | Noticed Nessos
 28007 | Lair:4   | Noticed a death yak
 28009 | Lair:4   | Noticed a death yak
 28009 | Lair:4   | Noticed a death yak
 28020 | Lair:4   | Noticed a death yak
 28211 | Lair:3   | Noticed an eight-headed hydra
 28377 | Lair:3   | Noticed Fannar
 29301 | Lair:2   | Killed Harold
 30848 | Orc:1    | Entered Level 1 of the Orcish Mines
 31553 | Orc:2    | Entered Level 2 of the Orcish Mines
 32682 | Orc:2    | Reached XP level 13. HP: 90/90 MP: 20/23
 33213 | Orc:2    | Found a staircase to the Elven Halls.
 33835 | Orc:1    | Found Poset's Firing Range.
 35924 | D:4      | Killed Edmund
 36496 | Lair:2   | Reached skill level 10 in Transmutations
 36675 | Lair:3   | Found a staircase to the Shoals.
 36755 | Lair:3   | Reached skill level 10 in Earth Magic
 37926 | Lair:3   | Found a staircase to the Snake Pit.
 38258 | Lair:4   | Reached skill level 1 in Unarmed Combat
 38486 | Lair:4   | HP: 4/117 [Nessos/arrow (6)]
 38486 | Lair:4   | HP: 1/117 [polar bear (1)]
 40127 | D:12     | You are sucked into a shaft and drop 3 floors!
 40127 | D:15     | Entered Level 15 of the Dungeon
 40245 | D:15     | Found Qyunau's Antique Armour Shop.
 40327 | D:14     | Noticed Frances
 40492 | D:13     | Noticed Erolcha
 40857 | D:13     | Reached XP level 14. HP: 46/97 MP: 21/26
 41120 | D:13     | Reached skill level 1 in Shields
 41279 | D:12     | ABBCCCDDDD: ??statue form
 41279 | D:12     | beem: statue form[1/2]: Grants 17 + pow/10 AC, +30% HP.
                  | Makes you take 50% more time to take any action, like the
                  | slow spell. Melds gloves, boots, bardings, and body armour.
                  | Provides rElec, rN+, 50% rTorm, rRot+, and poison immunity.
                  | 12 + unarmed_skill base unarmed damage and 50% bonus on all
                  | melee. Gargoyles can't cast this spell.
 41619 | D:12     | Found a radiant altar of Vehumet.
 43049 | Lair:4   | Reached skill level 5 in Unarmed Combat
 43778 | Lair:3   | Identified the +3 leather armour of the Eternal Void
                  | {Will+}
 44490 | Lair:4   | Reached skill level 10 in Fighting
 44606 | Lair:4   | Killed Nessos
 45724 | Lair:5   | Reached ****** piety under Lugonu
 46017 | Lair:5   | Found a staircase to the Slime Pits.
 47357 | Lair:6   | Entered Level 6 of the Lair of Beasts
 47392 | Lair:6   | Reached XP level 15. HP: 105/105 MP: 27/27
 48331 | Lair:6   | Reached skill level 10 in Unarmed Combat
 49349 | Lair:6   | Found a corrupted altar of Lugonu.
 49349 | Lair:6   | Found a one-way gate to the infinite horrors of the Abyss.
 50277 | Lair:3   | Killed Fannar
 50904 | Orc:2    | Found Kideeff's Jewellery Boutique.
 50904 | Orc:2    | Found Qeofi's Book Emporium.
 50920 | Orc:2    | Found Ukly's Weapon Boutique.
 50920 | Orc:2    | Found Jutziz Xiem's Book Emporium.
 50939 | Orc:2    | Bought the ring "Sag Gac" {rPois rN++ Will+ Int+6 Dex-4}
                  | for 1006 gold pieces
 51080 | Elf:1    | Entered Level 1 of the Elven Halls
 51321 | Elf:1    | Noticed a deep elf sorcerer
 51333 | Elf:1    | Killed a deep elf sorcerer
 51334 | Elf:1    | Reached XP level 16. HP: 88/114 MP: 23/28
 51540 | Elf:1    | Noticed a deep elf blademaster
 51540 | Elf:1    | Noticed a deep elf master archer
 51540 | Elf:1    | Noticed a deep elf blademaster
 51541 | Elf:1    | Found a transporter.
 51543 | Elf:1    | Found a bloodstained altar of Trog.
 51545 | Elf:1    | Noticed a deep elf blademaster
 51546 | Elf:1    | Identified the +0 longbow "Weijacwe" {flame, rN+}
 51546 | Elf:1    | Noticed a deep elf master archer
 51547 | Elf:1    | Noticed ABBCCCDDDD's ghost (adept OpNe)
 51552 | Elf:1    | Found a transporter.
 51554 | Elf:1    | Noticed a deep elf master archer
 52166 | Elf:1    | Reached skill level 5 in Shields
 52635 | Elf:1    | Paralysed by an air elemental for 1 turns
 52641 | Elf:1    | Paralysed by an air elemental for 1 turns
 53053 | Elf:3    | Entered Level 3 of the Elven Halls
 53155 | Elf:2    | Paralysed by an air elemental for 1 turns
 54218 | Elf:2    | HP: 6/152 [deep elf archer/arrow (10)]
 54218 | Elf:2    | Shot with an arrow by a deep elf archer

Table legend: (Time is in decaauts)
 A = Elapsed time spent in this place.
 B = Non-inter-level travel time spent in this place.
 C = Inter-level travel time spent in this place.
 D = Time resting spent in this place.
 E = Time spent auto-exploring this place.
 F = Levels seen in this place.
 G = Mean time per level.
                   A        B        C        D        E       F      G
               +--------+--------+--------+--------+--------+-----+--------+
         Total |  57880 |  54293 |   3587 |  22385 |  18213 |  28 | 2067.1 |
       Dungeon |  28059 |  26264 |   1795 |  11082 |   8887 |  15 | 1870.6 |
          Lair |  18966 |  17611 |   1355 |   7220 |   6093 |   6 | 3161.0 |
  Orcish Mines |   5953 |   5688 |    265 |   3038 |   1137 |   2 | 2976.5 |
   Elven Halls |   3714 |   3543 |    171 |    961 |   1687 |   3 | 1238.0 |
         Abyss |     58 |     58 |      0 |      0 |     28 |   1 |   58.0 |
        Bailey |   1129 |   1129 |      0 |     83 |    381 |   1 | 1129.0 |
               +--------+--------+--------+--------+--------+-----+--------+

Top non-repeatable levels by time:
    D:11: 4759 daAuts
     D:5: 4221 daAuts
  Lair:2: 3987 daAuts
  Lair:3: 3670 daAuts
   Orc:1: 3491 daAuts
  Lair:4: 3274 daAuts
  Lair:1: 2988 daAuts
     D:4: 2936 daAuts
    D:10: 2714 daAuts
  Lair:6: 2528 daAuts
  Lair:5: 2516 daAuts
   Orc:2: 2461 daAuts
   Elf:1: 2173 daAuts
     D:6: 2131 daAuts
     D:7: 2063 daAuts

Table legend:
 A = Kills in this place as a percentage of kills in entire the game.
 B = Kills by you in this place as a percentage of kills by you in the entire game.
 C = Kills by friends in this place as a percentage of kills by friends in the entire game.
 D = Other kills in this place as a percentage of other kills in the entire game.
 E = Experience gained in this place as a percentage of experience gained in the entire game.
 F = Experience gained in this place divided by the number of levels of this place that you have seen.
                   A       B       C       D       E      F
               +-------+-------+-------+-------+-------+----------------------
         Total | 100.0 | 100.0 | 100.0 | 100.0 | 100.0 | 6269.3
       Dungeon |  37.4 |  37.6 |   0.0 |   0.0 |  16.7 | 1950.9
          Lair |  34.9 |  35.0 |   0.0 |   0.0 |  45.5 | 13300.8
  Orcish Mines |  13.3 |  13.4 |   0.0 |   0.0 |   7.2 | 6286.5
   Elven Halls |  10.3 |   9.9 | 100.0 | 100.0 |  29.7 | 17399.3
        Bailey |   4.1 |   4.1 |   0.0 |   0.0 |   1.0 | 1701.0
               +-------+-------+-------+-------+-------+----------------------

Action                   |  1- 3 |  4- 6 |  7- 9 | 10-12 | 13-15 | 16-18 || total
-------------------------+-------+-------+-------+-------+-------+-------++-------
Melee: Falchion          |    25 |       |       |       |       |       ||    25
       Tentacles         |     7 |    17 |    58 |   187 |   221 |    16 ||   506
       Constrict         |    14 |    20 |    39 |   100 |   132 |    31 ||   336
       Dagger            |    26 |    21 |       |       |       |       ||    47
       Mace              |       |    85 |   276 |   863 |   254 |       ||  1478
       Dire flail        |       |       |       |       |   329 |       ||   329
       Punch             |       |       |       |       |    36 |    12 ||    48
       Unarmed           |       |       |       |       |   525 |   198 ||   723
Throw: Dart              |       |       |    61 |   173 |    47 |       ||   281
       Boomerang         |       |       |   344 |    68 |    29 |       ||   441
       Javelin           |       |       |       |     6 |     5 |       ||    11
       Throwing net      |       |       |       |     1 |     1 |       ||     2
 Cast: Statue Form       |       |       |       |    15 |   135 |    24 ||   174
Invok: Depart the Abyss  |     1 |       |       |       |       |       ||     1
       Bend Space        |       |       |       |     1 |     2 |       ||     3
 Abil: End Transformatio |       |       |       |       |    10 |     1 ||    11
Evoke: Wand              |       |       |    11 |    36 |    16 |       ||    63
  Use: Potion            |       |     4 |       |     8 |    10 |     3 ||    25
       Scroll            |       |       |     8 |    18 |    10 |     9 ||    45
 Stab: Sleeping          |     6 |    17 |     8 |    12 |     7 |     3 ||    53
       Distracted        |       |       |     2 |     1 |     4 |       ||     7
       Petrified         |       |       |       |       |     3 |       ||     3
Armor: Skin              |     3 |    21 |    97 |   530 |  1062 |    78 ||  1791
Dodge: Dodged            |    28 |    55 |   259 |   787 |  1270 |    99 ||  2498
Block: Other             |       |       |       |    97 |       |       ||    97
       Reflection        |       |       |       |     1 |       |    26 ||    27
       Buckler           |       |       |       |       |   141 |    85 ||   226
       Rpst.: Falchion   |     5 |       |       |       |       |       ||     5

Vanquished Creatures
  A deep elf sorcerer (Elf:1)
  Nessos (Lair:4)
  A deep elf death mage (Elf:2)
  A boulder beetle (Lair:6)
  Harold (Lair:2)
  11 hydras
  Fannar (Lair:3)
  A catoblepas (Lair:4)
  3 centaur warriors
  6 two-headed ogres
  9 dancing weapons
  6 death yaks
  4 thrashing horrors (Lair:6)
  3 orc high priests (Orc:2)
  9 deep elf knights
  17 deep elf pyromancers
  7 orc knights
  A harpy (shapeshifter) (Lair:6)
  A large abomination (Lair:6)
  A phantasmal warrior (D:13)
  10 deep elf archers
  5 orc sorcerers
  3 oklob plants (Lair:5)
  24 deep elf zephyrmancers
  A manticore (Lair:4)
  2 cyclopes
  24 elephants
  2 merfolk sirens (Lair:3)
  A smoke demon (Lair:6)
  6 black mambas
  2 centaur skeletons (D:10)
  3 gargoyles
  A torpor snail (Lair:2)
  5 cane toads
  A kobold demonologist (D:13)
  7 rime drakes
  11 komodo dragons
  A troll (D:13)
  2 ancient zymes (Lair:6)
  A queen bee (Lair:4)
  4 polar bears
  3 meliai (Lair:4)
  A tyrant leech (Lair:3)
  10 blink frogs
  A slime creature (D:12)
  A centaur simulacrum (D:10)
  A shadow (D:11)
  3 air elementals
  2 ynoxinuls (Lair:6)
  3 spriggans
  2 water elementals (Elf:1)
  5 wraiths (D:11)
  7 wyverns
  8 basilisks
  45 yaks
  A fire elemental (Elf:2)
  4 chaos spawn (Lair:6)
  A steam dragon (Lair:4)
  6 nagas (Lair:3)
  Edmund (D:4)
  4 swamp worms (Lair:3)
  3 wargs
  An acid dragon (D:11)
  23 water moccasins
  Duvessa (D:4)
  26 orc warriors
  2 ice beasts
  4 black bears
  5 sky beasts
  A necrophage (D:6)
  29 wolves
  10 small abominations (Lair:6)
  12 centaurs
  10 ogres
  A phantom (D:5)
  9 bullfrogs
  Blork the orc (D:6)
  4 kobold brigands
  3 gnoll sergeants
  A wyvern zombie (D:8)
  3 scorpions
  Dowan (D:4)
  A water moccasin zombie (D:5)
  A water moccasin skeleton (D:5)
  A wyvern skeleton (D:7)
  3 troll zombies (D:11)
  40 killer bees
  3 wights
  2 electric eels
  7 howler monkeys
  A bullfrog zombie (D:5)
  3 jellies
  4 centaur zombies
  A gnoll shaman (D:7)
  A bullfrog skeleton (D:5)
  9 orc priests
  2 hounds
  26 orc wizards
  2 iguanas
  A killer bee zombie (D:6)
  5 ogre zombies (D:11)
  A howler monkey skeleton (D:5)
  9 adders
  15 gnolls
  3 white imps
  2 ufetubi (D:6)
  2 adder zombies (D:5)
  3 worms
  3 dart slugs
  57 orcs
  5 ball pythons
  7 bats
  7 endoplasms
  5 giant cockroaches
  12 goblins
  7 hobgoblins
  4 quokkas
  2 goblin skeletons (D:11)
  3 goblin zombies (D:11)
  2 hobgoblin skeletons (D:11)
  3 hobgoblin zombies (D:11)
  37 kobolds
  2 orc skeletons (D:11)
  13 orc zombies (D:11)
  2 rats
779 creatures vanquished.

Vanquished Creatures (collateral kills)
  A dancing weapon (Elf:2)
1 creature vanquished.

Vanquished Creatures (others)
  2 deep elf knights (Elf:2)
  A deep elf pyromancer (Elf:1)
  3 centaurs (D:15)
  2 killer bees (Lair:4)
  57 fungi
  108 plants
173 creatures vanquished.

Grand Total: 953 creatures vanquished
